 Dungeon Crawl Stone Soup version 0.22-a0-512-g0943f25 (webtiles) character file.

9541 Amnesiac the Demolition Orc (level 11, -2/94 HPs)
             Began as a Hill Orc Monk on June 18, 2018.
             Was an Elder of Makhleb.
             Slain by a vampire (3 damage)
             ... on level 8 of the Dungeon.
             The game lasted 00:20:37 (10288 turns).

Amnesiac the Demolition Orc (Hill Orc Monk)        Turns: 10288, Time: 00:20:37

Health: -2/94      AC: 19    Str: 18    XL:     11   Next: 48%
Magic:  0/20       EV: 10    Int: 10    God:    Makhleb [****..]
Gold:   682        SH:  6    Dex: 19    Spells: 8/10 levels left

rFire    . . .     SeeInvis .   a - +6 dagger (venom)
rCold    . . .     Gourm    .   F - +0 buckler
rNeg     . . .     Faith    .   H - +0 plate armour
rPois    .         Spirit   +   u - +1 helmet
rElec    .         Reflect  .   D - +0 cloak {+Inv}
rCorr    .         Harm     .   m - +0 pair of gloves
MR       .....                  v - +0 pair of boots
Stlth    ..........             q - amulet of guardian spirit
HPRegen  0.25/turn              e - ring of flight
MPRegen  0.17/turn              C - +6 ring of dexterity

@: drained
A: no striking features
a: Minor Destruction, Lesser Servant of Makhleb, Major Destruction, Renounce
Religion, Evoke Invisibility, Evoke Flight


You were on level 8 of the Dungeon.
You worshipped Makhleb.
Makhleb was greatly pleased with you.
You were not hungry.

You visited 2 branches of the dungeon, and saw 11 of its levels.

You collected 682 gold pieces.

Inventory:

Hand Weapons
 a - a +6 dagger of venom (weapon)
Armour
 m - a +0 pair of gloves (worn)
 u - a +1 helmet (worn)
 v - a +0 pair of boots (worn)
 D - a +0 cloak of invisibility (worn)
 F - a +0 buckler (worn)
 H - a +0 plate armour (worn)
Jewellery
 e - a ring of flight (left hand)
 q - an amulet of guardian spirit (around neck)
 s - an uncursed ring of positive energy
 C - a +6 ring of dexterity (right hand)
Wands
 r - a wand of enslavement (12)
 t - a wand of acid (5)
 y - a wand of flame (24)
 G - a wand of polymorph (7)
Scrolls
 d - 3 scrolls of teleportation {!r}
 j - 5 scrolls of remove curse {!r}
 o - 2 scrolls of amnesia {!r}
Potions
 f - a potion of magic {!q}
 g - a potion of mutation {!q, unknown}
 h - 2 potions of brilliance {!q}
 i - 2 potions of heal wounds {!q}
 k - 2 potions of berserk rage {!q}
 l - 3 potions of agility {!q}
 n - 2 potions of resistance {!q, unknown}
 p - 2 potions of haste {!q, unknown}
 w - 2 potions of curing {!q}
 x - 3 potions of ambrosia {!q, unknown}
 A - 3 potions of might {!q}
 E - a potion of flight {!q}
Comestibles
 c - 18 rations


   Skills:
 - Level 8.2(8.0) Fighting
   Level 4.0(3.8) Axes
 - Level 8.1(7.9) Armour
 - Level 8.2(8.0) Dodging
 - Level 1.5(1.3) Stealth
 - Level 5.5(5.3) Shields
 + Level 13.0(12.8) Invocations


You had 8 spell levels left.
You knew the following spells:

 Your Spells              Type           Power        Failure   Level  Hunger
b - Passwall              Tmut/Erth      #.......     100%        2    ###....

Your spell library contained the following spells:

 Spells                   Type           Power        Failure   Level  Hunger
 Fireball                 Conj/Fire      #.........   100%        5    ######.
 Conjure Flame            Conj/Fire      #.......     100%        3    ####...
 Bolt of Magma            Conj/Fire/Erth #.........   100%        5    ######.
 Throw Flame              Conj/Fire      #.....       100%        2    ###....
 Venom Bolt               Conj/Pois      #.........   100%        5    ######.
 Sticky Flame             Conj/Fire      #.......     100%        4    #####..
 Iron Shot                Conj/Erth      #.........   100%        6    #######
 Stone Arrow              Conj/Erth      #.....       100%        3    ####...
 Flame Tongue             Conj/Fire      #....        100%        1    ##.....
 Lee's Rapid Deconstruct  Erth           #.........   100%        5    ######.
 Sandblast                Erth           #.....       100%        1    ##.....
 Petrify                  Tmut/Erth      #.......     100%        4    #####..
 Orb of Destruction       Conj           #.........   100%        7    #######
 Inner Flame              Hex/Fire       #.......     100%        3    ####...
 Iskenderun's Battlesphe  Conj/Chrm      #.......     100%        5    ######.
 Spellforged Servitor     Conj/Summ      #.........   100%        7    #######


Dungeon Overview and Level Annotations

Branches:
Dungeon (10/15)            Temple (1/1) D:6            Lair (0/6) D:9
    Orc: D:9-12

Altars:
Ashenzari
Cheibriados
Dithmenos
Elyvilon
Fedhas
Gozag
Hepliaklqana
Kikubaaqudgha
Makhleb
Nemelex Xobeh
Okawaru
Qazlal
Ru
Sif Muna
Trog
Uskayaw
Vehumet
Wu Jian
Xom
Yredelemnul
Zin
The Shining One

Shops:
D:6 *

Annotations:
D:10 exclusion: ice statue


Message History

The vampire is heavily damaged.
The vampire casts a spell at you.
You are confused.
You're too confused!
You're too confused!
The vampire hits you but does no damage.
The vampire bites you but does no damage.
In your confused state, you trip and fall back down the stairs.
The vampire closely misses you.
The vampire bites you but does no damage.
The vampire hits you but does no damage.
The vampire bites you but does no damage.
You climb upwards.
There is a stone staircase leading down here.
You feel less confused.
The vampire gestures wildly while chanting.
The vampire flickers and vanishes!
Press: ? - help, Shift-Dir - straight line The sticky flame hits something.
The vampire is covered in liquid flames!
The vampire burns!
The vampire casts a spell at you. You resist with some effort.
The vampire burns!
You hit the vampire but do no damage.
The vampire is heavily damaged.
The vampire burns!
You block the vampire's attack. The vampire barely misses you.
You barely miss the vampire.
The vampire is severely damaged.
The vampire burns!
The vampire is infused with unholy energy.
The vampire draws life force from you and is healed!
The vampire blocks your attack.
The vampire is heavily damaged.
The vampire burns!
You block the vampire's attack. The vampire misses you.
You hit the vampire but do no damage.
The vampire is severely damaged.
The vampire burns!
You hear some strange, mumbled words.
You are confused.
You bump into the rock wall.
Unholy energy fills the air.
* * * LOW HITPOINT WARNING * * *
You eat one of the 19 rations.
That ration really hit the spot!
Something hits you!
* * * LOW HITPOINT WARNING * * *
Something bites you but does no damage.
Really quaff
w - 3 potions of curing {!q}?
You feel better. Something hits you but does no damage.
Something bites you but does no damage.
Press: ? - help, Shift-Dir - straight line The bolt of negative energy hits something.
Something hits you but does no damage. Something bites you but does no damage.
Press: ? - help, Shift-Dir - straight line Something hits you but does no damage.
Something bites you.
* * * LOW HITPOINT WARNING * * *
Something draws strength from your injuries!
Press: ? - help, Shift-Dir - straight line The orb of electricity explodes!
The orb of electricity engulfs something.
The orb of electricity engulfs you!
* * * LOW HITPOINT WARNING * * *
Something hits you!
You die...

### ####### #.#
###.....#####.#
#.#.#...{@....#
#...#.#.#####.#
#.###.#.....#.###
#.###.#####.....# ####.....#
##.....# ###
#........####>.....# #..
#..................# #..
#.......(####......# #..
#........####.#....########..


There were no monsters in sight!

Vanquished Creatures
  A hydra (D:9)
  4 two-headed ogres
  A troll (D:8)
  2 hornets
  3 hippogriffs
  A yak (D:9)
  5 orc warriors
  Edmund (D:4)
  2 water moccasins (D:5)
  A porcupine (D:9)
  2 sky beasts
  A phantom (D:9)
  8 ogres
  A necrophage (D:5)
  2 centaurs
  2 crocodiles
  A big kobold (D:10)
  6 bullfrogs
  4 scorpions
  7 howler monkeys
  7 crimson imps
  2 quasits (D:5)
  3 orc priests
  A centaur skeleton (D:6)
  4 hounds
  6 jellies
  Crazy Yiuf (D:3)
  3 bullfrog skeletons
  A gnoll shaman (D:5)
  Jessica (D:2)
  An iguana (D:6)
  5 orc wizards
  5 worker ants
  A hound skeleton (D:5)
  A worker ant zombie (D:5)
  Robin (D:3)
  17 adders
  6 gnolls
  2 shadow imps
  5 oozes (D:8)
  An adder zombie (D:8)
  3 worms (D:3)
  A dart slug (D:3)
  3 leopard geckos
  31 orcs
  3 ball pythons
  11 bats
  5 giant cockroaches
  17 goblins
  14 hobgoblins
  14 jackals
  6 quokkas
  9 frilled lizards
  19 kobolds
  A quokka skeleton (D:4)
  A quokka zombie (D:7)
  8 rats
  2 fungi
277 creatures vanquished.

Vanquished Creatures (collateral kills)
  The ghost of Amnesiac the Nimble, a novice HOMo of Makhleb (D:9)
  An orc priest (D:6)
  An orc wizard (D:6)
  An adder (D:5)
  A worm (D:5)
  A leopard gecko (D:5)
  A jackal zombie (D:5)
7 creatures vanquished.

Vanquished Creatures (others)
  5 dream sheep (D:7)
  An ice beast (D:5)
  An ogre (D:5)
  A fungus (D:9)
8 creatures vanquished.

Grand Total: 292 creatures vanquished

Notes
Turn   | Place    | Note
-------+----------+-------------------------------------------
     0 | D:1      | Amnesiac the Hill Orc Monk began the quest for the Orb.
     0 | D:1      | Reached XP level 1. HP: 19/19 MP: 1/1
    53 | D:2      | Noticed Jessica
    74 | D:1      | Reached skill level 1 in Armour
    85 | D:1      | Reached XP level 2. HP: 4/26 MP: 2/2
  1205 | D:2      | Reached XP level 3. HP: 25/31 MP: 3/3
  1226 | D:2      | Killed Jessica
  1284 | D:2      | Reached XP level 4. HP: 26/40 MP: 4/4
  1424 | D:3      | HP: 2/40 [poisoned by a kobold]
  1647 | D:3      | Found an opulent altar of Gozag.
  1815 | D:4      | Noticed an ogre
  1842 | D:4      | Reached XP level 5. HP: 38/46 MP: 5/5
  1953 | D:4      | Found a white marble altar of Elyvilon.
  2449 | D:4      | Noticed Edmund
  2476 | D:4      | Killed Edmund
  2476 | D:4      | Reached XP level 6. HP: 25/55 MP: 6/6
  2608 | D:4      | Reached skill level 5 in Fighting
  3134 | D:4      | Reached skill level 5 in Armour
  3134 | D:4      | Reached XP level 7. HP: 48/61 MP: 7/7
  3193 | D:5      | Entered Level 5 of the Dungeon
  3627 | D:5      | Reached XP level 8. HP: 66/71 MP: 6/8
  3796 | D:5      | Reached skill level 5 in Dodging
  4354 | D:5      | Found a sparkling altar of Nemelex Xobeh.
  4360 | D:5      | Got a scorched whip
  4585 | D:6      | Found Zin's Purification Station.
  4585 | D:6      | Found a glowing silver altar of Zin.
  4841 | D:6      | Identified the +10 whip of Dishonesty {freeze, Int+2} (You found it on level 5 of the Dungeon)
  5185 | D:6      | Found a staircase to the Ecumenical Temple.
  5262 | Temple   | Entered the Ecumenical Temple
  5323 | Temple   | Became a worshipper of Makhleb the Destroyer
  5323 | Temple   | Reached * piety under Makhleb
  5323 | Temple   | Reached ** piety under Makhleb
  5605 | D:2      | Reached skill level 1 in Invocations
  5605 | D:2      | Reached XP level 9. HP: 81/81 MP: 8/10
  6069 | D:2      | Reached skill level 2 in Invocations
  6155 | D:2      | Found a faded altar of an unknown god.
  6296 | D:3      | Noticed Robin
  6303 | D:3      | Killed Robin
  6321 | D:3      | Reached *** piety under Makhleb
  6329 | D:3      | Reached skill level 3 in Invocations
  6460 | D:3      | Found a runed door.
  6522 | D:3      | Reached skill level 4 in Invocations
  7066 | D:3      | Noticed Crazy Yiuf
  7073 | D:3      | Killed Crazy Yiuf
  7340 | D:6      | Reached skill level 5 in Invocations
  7372 | D:7      | Found a stormy altar of Qazlal.
  7537 | D:7      | Found a blossoming altar of Fedhas.
  7613 | D:7      | Reached skill level 6 in Invocations
  7648 | D:7      | Reached **** piety under Makhleb
  7668 | D:7      | Reached skill level 7 in Invocations
  7931 | D:7      | Found a shimmering altar of Xom.
  7936 | D:7      | Reached skill level 8 in Invocations
  8234 | D:8      | Noticed a two-headed ogre
  8365 | D:8      | Killed a two-headed ogre
  8365 | D:8      | Reached XP level 10. HP: 53/88 MP: 7/16
  8371 | D:8      | Reached skill level 1 in Shields
  8645 | D:8      | Noticed a two-headed ogre
  8657 | D:8      | Killed a two-headed ogre
  8657 | D:8      | Reached skill level 5 in Shields
  8956 | D:9      | Found a sacrificial altar of Ru.
  9019 | D:9      | Reached skill level 9 in Invocations
  9051 | D:9      | Reached ***** piety under Makhleb
  9082 | D:9      | Found a staircase to the Lair.
  9128 | D:9      | Found a snail-covered altar of Cheibriados.
  9167 | D:9      | Found a runed gate.
  9168 | D:9      | Found a runed gate.
  9170 | D:9      | Noticed a two-headed ogre
  9172 | D:9      | Noticed Amnesiac's ghost (novice HOMo)
  9173 | D:9      | Found a runed gate.
  9173 | D:9      | Noticed a six-headed hydra
  9299 | D:9      | Noticed a two-headed ogre
  9311 | D:9      | Killed a two-headed ogre
  9311 | D:9      | Reached skill level 10 in Invocations
  9311 | D:9      | Reached XP level 11. HP: 38/94 MP: 5/19
  9323 | D:9      | Reached skill level 11 in Invocations
  9522 | D:9      | Killed Amnesiac's ghost
  9550 | D:9      | Killed a six-headed hydra
  9550 | D:9      | Reached skill level 12 in Invocations
  9570 | D:9      | Killed a two-headed ogre
  9614 | D:9      | Learned a level 2 spell: Passwall
  9648 | D:10     | Entered Level 10 of the Dungeon
  9848 | D:9      | Noticed a balrug
  9855 | D:10     | Noticed an Executioner
  9895 | D:10     | Reached skill level 13 in Invocations
  9901 | D:10     | Noticed a two-headed ogre
  9949 | D:9      | Noticed a green death
 10288 | D:8      | Slain by a vampire

Vault maps used:
D:1:      sevenhm_arrival_forest_fort_large_2
D:2:      chequers_ecumenical_altar_twisty, uniq_jessica
D:3:      grunt_gozag_statues, uniq_crazy_yiuf_cottage, uniq_robin
D:4:      kennysheep_mini, uniq_edmund
D:5:      nicolae_overflow_hidden_temple, first_ration, nzn_random_ring
D:6:      zin_purify, minmay_temple_entry_enclosed_plants
D:7:      fedhas_altar_3, nicolae_overflow_crystal_walls, kb_xom_exploding_sheep
D:8:      hangedman_little_slice_of_home
D:9:      old_standard_altar, old_standard_altar,
          grunt_lair_entry_orc_guard_hut, gammafunk_ghost_split,
          kennysheep_pointless_box
D:10:     lemuel_ice_statue, erik_orc_2
Temple:   eino_temple_water

Skill      XL: |  1  2  3  4  5  6  7  8  9 10 11 |
---------------+----------------------------------+-----
Armour         | 1 2 3 4 5 6 7 8 |  8.1
Fighting       | 4 5 6 8 |  8.2
Dodging        | 3 4 5 8 |  8.2
Invocations    | 1 8 10 13 | 13.0
Shields        | 5 |  5.5
Axes           | |  4.0
Stealth        | |  1.5

Action                   |  1- 3 |  4- 6 |  7- 9 | 10-12 || total
-------------------------+-------+-------+-------+-------++-------
Melee: Long sword        |    75 |       |       |       ||    75
       Battleaxe         |     9 |    22 |       |       ||    31
       Dagger            |       |    49 |   490 |   138 ||   677
       Whip              |       |       |     8 |       ||     8
Invok: Minor Destruction |       |       |    73 |   207 ||   280
       Major Destruction |       |       |       |     8 ||     8
       Greater Servant o |       |       |       |     4 ||     4
Evoke: Wand              |       |       |    11 |     1 ||    12
  Use: Potion            |     1 |     1 |       |     2 ||     4
       Scroll            |       |       |    13 |     6 ||    19
 Stab: Sleeping          |       |     3 |     2 |       ||     5
       Paralysed         |       |       |    10 |       ||    10
  Eat: Chunk             |     1 |     6 |    17 |     6 ||    30
       Ration            |       |       |       |     1 ||     1
Armor: Robe              |    21 |     6 |       |       ||    27
       Leather armour    |       |     2 |    38 |       ||    40
       Chain mail        |       |       |   181 |    11 ||   192
       Plate armour      |       |       |       |   179 ||   179
Dodge: Dodged            |    99 |    54 |   346 |   170 ||   669
Block: Buckler           |       |       |     6 |    94 ||   100
       Rpst.: Long sword |    22 |       |       |       ||    22

Table legend:
 A = Spawn XP
 B = Non-spawn XP
 C = Spawn XP percentage of total XP
 D = Spawn monster count
 E = Non-spawn monster count
 F = Spawn count percentage of total count
 G = Total turns spent on level
                    A         B        C        D         E        F      G
               +---------+---------+-------+---------+---------+-------+---------
         Total |       0 |   13631 |   0.0 |       0 |     283 |   0.0 | 10288
               +---------+---------+-------+---------+---------+-------+---------
           D:1 |       0 |      42 |   0.0 |       0 |      25 |   0.0 |  1550
           D:2 |       0 |     168 |   0.0 |       0 |      34 |   0.0 |   533
           D:3 |       0 |     300 |   0.0 |       0 |      55 |   0.0 |  1202
           D:4 |       0 |     552 |   0.0 |       0 |      14 |   0.0 |  1565
           D:5 |       0 |     993 |   0.0 |       0 |      32 |   0.0 |  1310
           D:6 |       0 |     768 |   0.0 |       0 |      12 |   0.0 |  1125
           D:7 |       0 |    1229 |   0.0 |       0 |      22 |   0.0 |   835
           D:8 |       0 |    3357 |   0.0 |       0 |      28 |   0.0 |  1054
           D:9 |       0 |    5033 |   0.0 |       0 |      31 |   0.0 |   801
          D:10 |       0 |    1189 |   0.0 |       0 |      30 |   0.0 |   232
               +---------+---------+-------+---------+---------+-------+---------
